Rangers vs Flames
(R2)
Created - May 16, 2020 at 19:32
Goals
|
| Rangers |
1 |
2 |
1 |
4 |
| Flames |
0 |
2 |
0 |
2 |
|
Shots
|
| Rangers |
9 |
16 |
12 |
37 |
| Flames |
16 |
12 |
5 |
33 |
|
1st period
1. Rangers , Patrice Bergeron 1 (Milan Lucic 1, Frederik Andersen) at 12:05
Penalties :
James Neal (NYR) for High sticking (Double Minor) at 6:54
2nd period
2. Rangers , Jakob Silfverberg 1 (Milan Lucic 2, Luke Schenn 1) at 3:34 (PP)
3. Flames , Steve Regier 1 (Erik Johnson 1, Colin Wilson 1) at 4:51
4. Flames , Peter Prucha 1 (Steve Eminger 1) at 5:31
5. Rangers , Milan Lucic 1 (Patrice Bergeron 1, Jakob Silfverberg 1) at 10:36 (PP)
Penalties :
Alexander Semin (Cal) for Charging (Minor) at 2:22, Luke Schenn (NYR) for Hooking (Minor) at 7:58, Alexander Semin (Cal) for Holding Stick (Minor) at 9:00
3rd period
6. Rangers , Matt Greene 1 (Kyle Okposo 1, James Neal 1) at 11:42 (PP)
Penalties :
Luke Schenn (NYR) for Hooking (Minor) at 0:49, Matt Greene (NYR) for Unsportsmanlike conduct (Minor) at 4:51, Peter Prucha (Cal) for Interference (Minor) at 9:57, Peter Prucha (Cal) for Interference (Minor) at 12:51, Maxime Sauvé (NYR) for Tripping (Minor) at 15:23, Luke Schenn (NYR) for Tripping (Minor) at 18:57
Goalie Stats
Frederik Andersen (NYR), 31 saves from 33 shots - (0.939), W, 1-0-0, 60:00 minutes
Jonas Gustavsson (Cal), 33 saves from 37 shots - (0.892), L, 0-1-0, 60:00 minutes
Players Stats for Rangers
Player Name G A P +/- PIM S H SB GA TA FO MP PP MP PK MP
------------------------------------------------------------------------------------
Cam Barker 0 0 0 -1 0 2 2 3 0 0 0/0 28:44 3:12 6:57
Chris Bourque 0 0 0 1 0 4 2 1 0 0 0/0 10:09 0:00 1:13
Colten Teubert 0 0 0 0 0 0 2 1 0 0 0/0 12:42 0:14 0:23
Jakob Silfverberg 1 1 2 0 0 5 3 2 0 0 1/1 20:38 3:00 4:03
James Neal 0 1 1 -2 4 1 2 1 0 0 1/1 15:02 2:35 0:00
Kyle Okposo 0 1 1 -2 0 4 4 2 1 0 0/2 19:28 2:49 4:03
Luke Schenn 0 1 1 -1 6 3 0 2 1 1 0/0 24:46 3:12 4:17
Magnus Paajarvi-Svensson 0 0 0 0 0 0 0 0 0 0 0/0 5:55 0:00 0:00
Mark Fistric 0 0 0 0 0 1 0 0 0 0 0/0 21:13 2:23 5:27
Matt Greene 1 0 1 0 2 2 1 1 0 0 0/0 18:43 2:23 3:29
Matt Read 0 0 0 1 0 0 0 1 0 0 0/0 8:52 0:00 0:00
Maxime Sauvé 0 0 0 0 2 1 1 0 0 0 2/4 5:58 0:00 0:00
Milan Lucic 1 2 3 0 0 6 3 0 0 1 7/14 23:56 2:46 6:16
Patrice Bergeron 1 1 2 0 0 4 2 0 0 1 16/29 24:08 2:46 6:24
Patrik Nemeth 0 0 0 0 0 2 0 2 0 1 0/0 14:48 0:00 3:27
Sean Couturier 0 0 0 -2 0 2 0 0 0 0 9/12 15:10 2:35 0:11
Steve Quailer 0 0 0 0 0 0 2 0 0 0 0/0 7:53 0:00 1:50
Tomas Hertl 0 0 0 1 0 0 0 0 1 0 2/5 8:52 0:00 0:00
Players Stats for Flames
Player Name G A P +/- PIM S H SB GA TA FO MP PP MP PK MP
------------------------------------------------------------------------------------
Alexander Radulov 0 0 0 -1 0 4 1 0 0 0 0/0 20:59 6:11 0:00
Alexander Semin 0 0 0 -1 4 1 1 0 0 0 0/1 21:21 6:10 0:01
Brad Marchand 0 0 0 0 0 4 3 0 1 0 2/3 20:24 5:25 3:01
Brendan Mikkelson 0 0 0 -1 0 0 0 2 0 2 0/0 12:18 0:00 2:09
Colin Wilson 0 1 1 2 0 1 0 0 0 0 4/9 12:09 0:24 2:58
David Backes 0 0 0 0 0 4 1 0 1 1 1/1 19:02 5:15 2:33
David Ullstrom 0 0 0 0 0 0 0 0 0 0 0/0 7:38 0:58 0:03
Derek Meech 0 0 0 1 0 0 0 3 0 0 0/0 22:13 5:40 3:12
Eric Staal 0 0 0 -1 0 2 0 1 1 0 13/27 22:13 6:11 0:01
Erik Johnson 0 1 1 1 0 4 1 2 0 0 0/0 28:08 6:20 2:23
Kyle Palmieri 0 0 0 0 0 1 1 0 0 0 0/0 6:17 0:00 0:00
Mikhail Grabovski 0 0 0 0 0 0 2 0 0 0 5/11 8:50 0:00 2:33
Patrik Berglund 0 0 0 0 0 3 0 0 0 0 5/16 16:38 5:25 0:00
Peter Prucha 1 0 1 2 4 2 1 0 0 0 0/0 9:07 0:00 0:00
Sami Vatanen 0 0 0 0 0 1 1 4 0 0 0/0 22:35 6:20 0:14
Steve Eminger 0 1 1 1 0 4 0 0 0 0 0/0 19:09 0:00 3:12
Steve Regier 1 0 1 2 0 2 0 0 0 0 0/0 8:46 0:00 0:00
Tim Ramholt 0 0 0 0 0 0 3 0 1 0 0/0 15:37 5:40 0:00
3 Stars
1 - Milan Lucic (NYR)
2 - Jakob Silfverberg (NYR)
3 - Patrice Bergeron (NYR)
Power Play
Rangers - 3 on 4 Attempt(s) - 75.00%
Flames - 0 on 7 Attempt(s) - 0.00%
Penalty Kill
Rangers - 7 on 7 Attempt(s) - 100.00%
- Score 0 goal in Penalty Kill
Flames - 1 on 4 Attempt(s) - 25.00%
- Score 0 goal in Penalty Kill
Team Stat
Rangers - Hits : 24 - Faceoff Wins : 38 - Blocked Shots : 16 - Penalty Minutes : 14
Flames - Hits : 15 - Faceoff Wins : 30 - Blocked Shots : 12 - Penalty Minutes : 8
Official
Referees : Unknown
Linesman : Unknown
Game Notes
No Game Note
Finance
Level 1 -- Attendance: 5901 (98.35%) -- Ticket Income $643,209
Level 2 -- Attendance: 4713 (94.26%) -- Ticket Income $334,623
Level 3 -- Attendance: 1925 (96.25%) -- Ticket Income $88,550
Level 4 -- Attendance: 3822 (95.55%) -- Ticket Income $118,482
Luxury Box -- Attendance: 1000 (100.00%) -- Ticket Income $186,000
Game was played at the Metal Center.
Total Attendance: 17361 (96.45%)
Total Ticket Income: $1,370,864
Other Income: $205,630
Total Income: $1,576,494
Rangers
5 vs 5 Forward
Center Left Wing Right Wing Time % Phy DF OF
1 Patrice Bergeron Milan Lucic Jakob Silfverberg 40 1 2 2
2 Sean Couturier James Neal Kyle Okposo 30 1 2 2
3 Tomas Hertl Chris Bourque Matt Read 20 1 2 2
4 Maxime Sauvé Magnus Paajarvi-Svensson Steve Quailer 10 1 2 2
5 vs 5 Defense
Defense Defense Time % Phy DF OF
1 Cam Barker Luke Schenn 40 1 2 2
2 Mark Fistric Matt Greene 30 1 2 2
3 Colten Teubert Patrik Nemeth 20 1 2 2
4 Cam Barker Luke Schenn 10 1 2 2
PowerPlay Forward
Center Left Wing Right Wing Time % Phy DF OF
1 Patrice Bergeron Milan Lucic Jakob Silfverberg 60 1 2 2
2 Sean Couturier James Neal Kyle Okposo 40 1 2 2
PowerPlay Defense
Defense Defense Time % Phy DF OF
1 Cam Barker Luke Schenn 60 1 2 2
2 Mark Fistric Matt Greene 40 1 2 2
Penalty Kill 4 Players Forward
Center Wing Time % Phy DF OF
1 Milan Lucic Patrice Bergeron 60 1 2 2
2 Jakob Silfverberg Kyle Okposo 40 1 2 2
Penalty Kill 4 Players Defense
Defense Defense Time % Phy DF OF
1 Cam Barker Luke Schenn 60 1 2 2
2 Mark Fistric Matt Greene 40 1 2 2
Penalty Kill - 3 Players Forward
Forward Time % Phy DF OF
1 Milan Lucic 60 1 2 2
2 Patrice Bergeron 40 1 2 2
Penalty Kill - 3 Players Defense
Defense Defense Time % Phy DF OF
1 Cam Barker Luke Schenn 60 1 2 2
2 Mark Fistric Matt Greene 40 1 2 2
4 vs 4 Forward
Center Wing Time % Phy DF OF
1 Milan Lucic Patrice Bergeron 60 1 2 2
2 Jakob Silfverberg Kyle Okposo 40 1 2 2
4 vs 4 Defense
Defense Defense Time % Phy DF OF
1 Cam Barker Luke Schenn 60 1 2 2
2 Mark Fistric Matt Greene 40 1 2 2
Last Minutes Offensive
Center Left Wing Right Wing Defense Defense
Patrice Bergeron Milan Lucic Jakob Silfverberg Cam Barker Luke Schenn
Last Minutes Defensive
Center Left Wing Right Wing Defense Defense
Patrice Bergeron Milan Lucic Jakob Silfverberg Cam Barker Luke Schenn
Goaltenders
Starting : Frederik Andersen
Backup : Mike Condon
Extra Forwards
Normal : Matt Read, Chris Bourque, Steve Quailer - PP : Matt Read, Chris Bourque - PK : Steve Quailer
Extra Defensemen
Normal : Colten Teubert, Patrik Nemeth, Mark Fistric - PP : Colten Teubert - PK : Patrik Nemeth, Mark Fistric
Penalty Shots
Milan Lucic, Patrice Bergeron, Jakob Silfverberg, Kyle Okposo, James Neal
Scratches
Alexei Emelin (Healthy)
Flames
5 vs 5 Forward
Center Left Wing Right Wing Time % Phy DF OF
1 Eric Staal Alexander Semin Alexander Radulov 40 1 2 2
2 Patrik Berglund Brad Marchand David Backes 33 2 2 1
3 Colin Wilson Steve Regier Peter Prucha 19 2 2 1
4 Mikhail Grabovski David Ullstrom Kyle Palmieri 8 2 2 1
5 vs 5 Defense
Defense Defense Time % Phy DF OF
1 Erik Johnson Sami Vatanen 38 1 2 2
2 Derek Meech Steve Eminger 29 2 2 1
3 Brendan Mikkelson Tim Ramholt 23 2 2 1
4 Erik Johnson Steve Eminger 10 2 2 1
PowerPlay Forward
Center Left Wing Right Wing Time % Phy DF OF
1 Eric Staal Alexander Semin Alexander Radulov 60 1 0 4
2 Patrik Berglund Brad Marchand David Backes 40 1 0 4
PowerPlay Defense
Defense Defense Time % Phy DF OF
1 Erik Johnson Sami Vatanen 60 1 1 3
2 Derek Meech Tim Ramholt 40 1 1 3
Penalty Kill 4 Players Forward
Center Wing Time % Phy DF OF
1 Colin Wilson Brad Marchand 50 1 4 0
2 Mikhail Grabovski David Backes 50 1 4 0
Penalty Kill 4 Players Defense
Defense Defense Time % Phy DF OF
1 Derek Meech Steve Eminger 58 1 4 0
2 Erik Johnson Brendan Mikkelson 42 1 4 0
Penalty Kill - 3 Players Forward
Forward Time % Phy DF OF
1 Eric Staal 50 1 4 0
2 Brad Marchand 50 1 4 0
Penalty Kill - 3 Players Defense
Defense Defense Time % Phy DF OF
1 Derek Meech Steve Eminger 58 1 4 0
2 Erik Johnson Brendan Mikkelson 42 1 4 0
4 vs 4 Forward
Center Wing Time % Phy DF OF
1 Eric Staal Alexander Semin 60 2 2 1
2 Colin Wilson Brad Marchand 40 2 2 1
4 vs 4 Defense
Defense Defense Time % Phy DF OF
1 Erik Johnson Sami Vatanen 60 2 2 1
2 Derek Meech Tim Ramholt 40 2 2 1
Last Minutes Offensive
Center Left Wing Right Wing Defense Defense
Eric Staal Alexander Semin Alexander Radulov Erik Johnson Sami Vatanen
Last Minutes Defensive
Center Left Wing Right Wing Defense Defense
Eric Staal Alexander Semin David Backes Erik Johnson Sami Vatanen
Goaltenders
Starting : Jonas Gustavsson
Backup : Pekka Rinne
Extra Forwards
Normal : Brad Marchand, Alexander Semin, David Ullstrom - PP : David Ullstrom, Colin Wilson - PK : Brad Marchand
Extra Defensemen
Normal : Sami Vatanen, Steve Eminger, Tim Ramholt - PP : Sami Vatanen - PK : Erik Johnson, Tim Ramholt
Penalty Shots
Eric Staal, Alexander Semin, David Backes, Brad Marchand, Patrik Berglund
Scratches
None
% Time on Ice - Rangers
Lines # - Real PCT - Wanted PCT - Time Play
Normal Forward
1 - 34% - 40% - 14:12
2 - 30% - 30% - 12:29
3 - 21% - 20% - 8:52
4 - 14% - 10% - 5:55
Normal Defense
1 - 41% - 40% - 17:09
2 - 31% - 30% - 12:47
3 - 26% - 20% - 10:50
4 - 2% - 10% - 0:42
PP Forward
1 - 50% - 60% - 2:46
2 - 50% - 40% - 2:49
PP Defense
1 - 57% - 60% - 3:12
2 - 43% - 40% - 2:23
PK Forward
1 - 66% - 60% - 7:57
2 - 34% - 40% - 4:03
PK Defense
1 - 63% - 60% - 7:37
2 - 37% - 40% - 4:23
PK3 Forward
1 - 0% - 60%
2 - 0% - 40%
PK3 Defense
1 - 0% - 60%
2 - 0% - 40%
44 Forward
1 - 88% - 60% - 0:50
2 - 12% - 40% - 0:07
44 Defense
1 - 100% - 60% - 0:57
2 - 0% - 40% - 0:00
Last Minute Offensive - 0:00
Last Minute Defensive - 0:00
Total
Forward - 60:00
Defense - 60:00
|
% Time on Ice - Flames
Lines # - Real PCT - Wanted PCT - Time Play
Normal Forward
1 - 36% - 40% - 14:48
2 - 28% - 33% - 11:37
3 - 21% - 19% - 8:46
4 - 15% - 8% - 6:17
Normal Defense
1 - 36% - 38% - 15:08
2 - 32% - 29% - 13:24
3 - 23% - 23% - 9:39
4 - 8% - 10% - 3:17
PP Forward
1 - 52% - 60% - 6:11
2 - 48% - 40% - 5:49
PP Defense
1 - 53% - 60% - 6:20
2 - 47% - 40% - 5:40
PK Forward
1 - 54% - 50% - 3:01
2 - 46% - 50% - 2:34
PK Defense
1 - 61% - 58% - 3:26
2 - 39% - 42% - 2:09
PK3 Forward
1 - 0% - 50%
2 - 0% - 50%
PK3 Defense
1 - 0% - 58%
2 - 0% - 42%
44 Forward
1 - 100% - 60% - 0:57
2 - 0% - 40% - 0:00
44 Defense
1 - 53% - 60% - 0:30
2 - 47% - 40% - 0:27
Last Minute Offensive - 0:00
Last Minute Defensive - 0:00
Total
Forward - 60:00
Defense - 60:00
|
Play-by-Play
1st period
0:01 of 1st period - Milan Lucic wins face-off versus Eric Staal in neutral zone.
0:06 of 1st period - Slapshot by Milan Lucic.
0:06 of 1st period - Stopped by Jonas Gustavsson without a rebound.
0:07 of 1st period - Eric Staal wins face-off versus Patrice Bergeron in Flames zone.
0:07 of 1st period - Alexander Radulov is hit by Milan Lucic and loses puck.
0:12 of 1st period - Wrist shot by Milan Lucic.
0:12 of 1st period - Stopped by Jonas Gustavsson without a rebound.
0:13 of 1st period - Sean Couturier wins face-off versus Patrik Berglund in Flames zone.
0:14 of 1st period - Wrist shot by James Neal.
0:14 of 1st period - Deflect By Kyle Okposo.
0:14 of 1st period - Stopped by Jonas Gustavsson with a rebound.
1:07 of 1st period - Snap shot by Eric Staal.
1:07 of 1st period - Stopped by Frederik Andersen with a rebound.
1:49 of 1st period - Wrist shot by Alexander Radulov.
1:49 of 1st period - Shot Misses the Net.
1:51 of 1st period - Slapshot by Erik Johnson.
1:51 of 1st period - Stopped by Frederik Andersen with a rebound.
1:53 of 1st period - Slapshot by Erik Johnson.
1:53 of 1st period - Deflect By Maxime Sauvé.
1:53 of 1st period - Stopped by Frederik Andersen without a rebound.
1:54 of 1st period - Sean Couturier wins face-off versus Patrik Berglund in Rangers zone.
1:59 of 1st period - Snap shot by Patrik Berglund.
1:59 of 1st period - Stopped by Frederik Andersen with a rebound.
2:01 of 1st period - Snap shot by Brad Marchand.
2:01 of 1st period - Stopped by Frederik Andersen with a rebound.
2:03 of 1st period - Wrist shot by David Backes.
2:03 of 1st period - Stopped by Frederik Andersen without a rebound.
2:04 of 1st period - Sean Couturier wins face-off versus Patrik Berglund in Rangers zone.
2:09 of 1st period - Patrik Berglund is hit by Kyle Okposo and loses puck.
2:40 of 1st period - Snap shot by Patrik Berglund.
2:40 of 1st period - Deflect By Brad Marchand.
2:40 of 1st period - Stopped by Frederik Andersen with a rebound.
2:42 of 1st period - Snap shot by David Backes.
2:42 of 1st period - Shot Blocked by James Neal.
2:44 of 1st period - Wrist shot by Brad Marchand.
2:44 of 1st period - Stopped by Frederik Andersen with a rebound.
2:46 of 1st period - Slapshot by Steve Eminger.
2:46 of 1st period - Shot Misses the Net.
2:48 of 1st period - Snap shot by Derek Meech.
2:48 of 1st period - Shot Misses the Net.
2:50 of 1st period - Snap shot by Patrik Berglund.
2:50 of 1st period - Shot Misses the Net.
2:52 of 1st period - Wrist shot by Brad Marchand.
2:52 of 1st period - Deflect By Patrik Berglund.
2:52 of 1st period - Shot Misses the Net.
2:52 of 1st period - Puck is out of play.
2:53 of 1st period - Patrice Bergeron wins face-off versus Mikhail Grabovski in Rangers zone.
3:02 of 1st period - Mikhail Grabovski is hit by Jakob Silfverberg and loses puck.
3:45 of 1st period - Snap shot by Milan Lucic.
3:45 of 1st period - Stopped by Jonas Gustavsson without a rebound.
3:46 of 1st period - Colin Wilson wins face-off versus Tomas Hertl in Flames zone.
3:59 of 1st period - Wrist shot by Peter Prucha.
3:59 of 1st period - Shot Misses the Net.
4:01 of 1st period - Snap shot by Steve Eminger.
4:01 of 1st period - Stopped by Frederik Andersen with a rebound.
4:11 of 1st period - Matt Greene is hit by David Backes and loses puck.
4:30 of 1st period - Snap shot by Chris Bourque.
4:30 of 1st period - Stopped by Jonas Gustavsson without a rebound.
4:31 of 1st period - Sean Couturier wins face-off versus Eric Staal in Flames zone.
5:12 of 1st period - Snap shot by Jakob Silfverberg.
5:12 of 1st period - Stopped by Jonas Gustavsson without a rebound.
5:13 of 1st period - Eric Staal wins face-off versus Maxime Sauvé in Flames zone.
5:25 of 1st period - Wrist shot by Alexander Radulov.
5:25 of 1st period - Stopped by Frederik Andersen with a rebound.
5:59 of 1st period - Icing by Matt Read.
6:00 of 1st period - Mikhail Grabovski wins face-off versus Tomas Hertl in Rangers zone.
6:33 of 1st period - Snap shot by Milan Lucic.
6:33 of 1st period - Shot Blocked by Eric Staal.
6:54 of 1st period - Double Minor Penalty to James Neal for High sticking.
6:55 of 1st period - Milan Lucic wins face-off versus Eric Staal in Rangers zone.
7:06 of 1st period - Snap shot by Erik Johnson.
7:06 of 1st period - Shot Misses the Net.
7:08 of 1st period - Snap shot by Sami Vatanen.
7:08 of 1st period - Deflect By Alexander Semin.
7:08 of 1st period - Shot Blocked by Luke Schenn.
7:08 of 1st period - Puck is out of play.
7:09 of 1st period - Eric Staal wins face-off versus Milan Lucic in Rangers zone.
7:22 of 1st period - Slapshot by Erik Johnson.
7:22 of 1st period - Shot Misses the Net.
7:24 of 1st period - Wrist shot by Eric Staal.
7:24 of 1st period - Shot Blocked by Cam Barker.
7:26 of 1st period - Snap shot by Erik Johnson.
7:26 of 1st period - Shot Misses the Net.
8:52 of 1st period - David Backes is hit by Chris Bourque.
10:02 of 1st period - Icing by David Ullstrom.
10:03 of 1st period - Milan Lucic wins face-off versus Patrik Berglund in Flames zone.
10:30 of 1st period - Eric Staal is hit by Milan Lucic and loses puck.
10:54 of 1st period - Penalty to James Neal is over, James Neal is back on ice.
11:26 of 1st period - Kyle Okposo is hit by Mikhail Grabovski and loses puck.
12:05 of 1st period - Wrist shot by Patrice Bergeron.
12:05 of 1st period - Goal by Patrice Bergeron - Rangers : 1 - Flames : 0.
12:06 of 1st period - Sean Couturier wins face-off versus Eric Staal in neutral zone.
12:09 of 1st period - Steve Eminger is hit by Kyle Okposo and loses puck.
12:44 of 1st period - Backhand shot by Sami Vatanen.
12:44 of 1st period - Shot Misses the Net.
13:24 of 1st period - Wrist shot by Patrice Bergeron.
13:24 of 1st period - Stopped by Jonas Gustavsson with a rebound.
13:30 of 1st period - Wrist shot by Milan Lucic.
13:30 of 1st period - Deflect By Jakob Silfverberg.
13:30 of 1st period - Shot Misses the Net.
13:30 of 1st period - Puck is out of play.
13:31 of 1st period - Mikhail Grabovski wins face-off versus Tomas Hertl in Flames zone.
14:03 of 1st period - Steve Eminger is hit by Colten Teubert and loses puck.
14:45 of 1st period - Snap shot by Kyle Palmieri.
14:45 of 1st period - Stopped by Frederik Andersen with a rebound.
14:47 of 1st period - Snap shot by Mikhail Grabovski.
14:47 of 1st period - Shot Misses the Net.
14:49 of 1st period - Slapshot by Steve Eminger.
14:49 of 1st period - Stopped by Frederik Andersen with a rebound.
14:51 of 1st period - Slapshot by Steve Eminger.
14:51 of 1st period - Deflect By Steve Quailer.
14:51 of 1st period - Stopped by Frederik Andersen without a rebound.
14:52 of 1st period - Eric Staal wins face-off versus Patrice Bergeron in Rangers zone.
16:16 of 1st period - Snap shot by Alexander Semin.
16:16 of 1st period - Shot Blocked by Patrik Nemeth.
16:18 of 1st period - Slapshot by Erik Johnson.
16:18 of 1st period - Deflect By Alexander Radulov.
16:18 of 1st period - Shot Misses the Net.
16:18 of 1st period - Puck is out of play.
16:19 of 1st period - Eric Staal wins face-off versus Patrice Bergeron in Rangers zone.
16:20 of 1st period - Wrist shot by Alexander Radulov.
16:20 of 1st period - Stopped by Frederik Andersen without a rebound.
16:21 of 1st period - Patrice Bergeron wins face-off versus Eric Staal in Rangers zone.
16:21 of 1st period - Patrice Bergeron is hit by Alexander Semin.
16:49 of 1st period - Snap shot by Steve Regier.
16:49 of 1st period - Deflect By Patrice Bergeron.
16:49 of 1st period - Stopped by Frederik Andersen with a rebound.
16:51 of 1st period - Snap shot by Peter Prucha.
16:51 of 1st period - Stopped by Frederik Andersen without a rebound.
16:52 of 1st period - Colin Wilson wins face-off versus Sean Couturier in Rangers zone.
17:18 of 1st period - Steve Eminger is hit by Matt Greene and loses puck.
17:41 of 1st period - Backhand shot by Milan Lucic.
17:41 of 1st period - Stopped by Jonas Gustavsson with a rebound.
17:49 of 1st period - Jakob Silfverberg is hit by Sami Vatanen and loses puck.
18:10 of 1st period - Cam Barker is hit by Mikhail Grabovski and loses puck.
19:39 of 1st period - Slapshot by James Neal.
19:39 of 1st period - Shot Blocked by Brendan Mikkelson.
Goals for this period are 1 for Rangers vs 0 for Flames.
Shots for this period are 9 for Rangers vs 16 for Flames.
2nd period
0:01 of 2nd period - Patrice Bergeron wins face-off versus Patrik Berglund in neutral zone.
0:06 of 2nd period - Slapshot by Luke Schenn.
0:06 of 2nd period - Shot Blocked by Sami Vatanen.
0:08 of 2nd period - Snap shot by Cam Barker.
0:08 of 2nd period - Deflect By Milan Lucic.
0:08 of 2nd period - Stopped by Jonas Gustavsson with a rebound.
0:10 of 2nd period - Slapshot by Luke Schenn.
0:10 of 2nd period - Shot Misses the Net.
0:12 of 2nd period - Slapshot by Patrice Bergeron.
0:12 of 2nd period - Stopped by Jonas Gustavsson without a rebound.
0:13 of 2nd period - Patrik Berglund wins face-off versus Patrice Bergeron in Flames zone.
0:28 of 2nd period - Jakob Silfverberg is hit by Brad Marchand and loses puck.
2:03 of 2nd period - Alexander Semin is hit by Kyle Okposo and loses puck.
2:22 of 2nd period - Minor Penalty to Alexander Semin for Charging.
2:23 of 2nd period - Colin Wilson wins face-off versus Milan Lucic in Flames zone.
2:40 of 2nd period - Snap shot by Brad Marchand.
2:40 of 2nd period - Shot Misses the Net.
2:56 of 2nd period - Wrist shot by James Neal.
2:56 of 2nd period - Deflect By Sean Couturier.
2:56 of 2nd period - Shot Blocked by Erik Johnson.
2:56 of 2nd period - Puck is out of play.
2:57 of 2nd period - James Neal wins face-off versus Mikhail Grabovski in Flames zone.
3:12 of 2nd period - Snap shot by Brad Marchand.
3:12 of 2nd period - Stopped by Frederik Andersen with a rebound.
3:14 of 2nd period - Snap shot by Colin Wilson.
3:14 of 2nd period - Shot Misses the Net.
3:34 of 2nd period - Wrist shot by Jakob Silfverberg.
3:34 of 2nd period - Goal by Jakob Silfverberg - Rangers : 2 - Flames : 0.
3:35 of 2nd period - David Backes wins face-off versus Patrice Bergeron in neutral zone.
3:42 of 2nd period - Snap shot by David Backes.
3:42 of 2nd period - Shot Blocked by Jakob Silfverberg.
3:44 of 2nd period - Snap shot by David Backes.
3:44 of 2nd period - Shot Misses the Net.
3:50 of 2nd period - Snap shot by Brad Marchand.
3:50 of 2nd period - Shot Misses the Net.
3:52 of 2nd period - Slapshot by David Backes.
3:52 of 2nd period - Shot Misses the Net.
4:06 of 2nd period - Snap shot by Kyle Okposo.
4:06 of 2nd period - Shot Blocked by Sami Vatanen.
4:08 of 2nd period - Slapshot by Luke Schenn.
4:08 of 2nd period - Stopped by Jonas Gustavsson without a rebound.
4:09 of 2nd period - Sean Couturier wins face-off versus Eric Staal in Flames zone.
4:34 of 2nd period - Matt Greene is hit by Brad Marchand and loses puck.
4:43 of 2nd period - Snap shot by David Backes.
4:43 of 2nd period - Shot Blocked by Matt Greene.
4:45 of 2nd period - Slapshot by Sami Vatanen.
4:45 of 2nd period - Shot Misses the Net.
4:47 of 2nd period - Slapshot by Sami Vatanen.
4:47 of 2nd period - Deflect By Patrik Berglund.
4:47 of 2nd period - Shot Misses the Net.
4:47 of 2nd period - Puck is out of play.
4:48 of 2nd period - Colin Wilson wins face-off versus Kyle Okposo in Rangers zone.
4:51 of 2nd period - Slapshot by Steve Regier.
4:51 of 2nd period - Goal by Steve Regier - Rangers : 2 - Flames : 1.
4:52 of 2nd period - Patrik Berglund wins face-off versus Patrice Bergeron in neutral zone.
5:07 of 2nd period - David Backes is hit by Cam Barker.
5:25 of 2nd period - Snap shot by Erik Johnson.
5:25 of 2nd period - Deflect By Steve Regier.
5:25 of 2nd period - Shot Misses the Net.
5:25 of 2nd period - Puck is out of play.
5:26 of 2nd period - Sean Couturier wins face-off versus Colin Wilson in Rangers zone.
5:31 of 2nd period - Wrist shot by Peter Prucha.
5:31 of 2nd period - Goal by Peter Prucha - Rangers : 2 - Flames : 2.
5:32 of 2nd period - Patrice Bergeron wins face-off versus Patrik Berglund in neutral zone.
5:45 of 2nd period - Snap shot by David Backes.
5:45 of 2nd period - Stopped by Frederik Andersen with a rebound.
5:47 of 2nd period - Snap shot by Patrik Berglund.
5:47 of 2nd period - Stopped by Frederik Andersen with a rebound.
5:49 of 2nd period - Snap shot by Patrik Berglund.
5:49 of 2nd period - Shot Blocked by Jakob Silfverberg.
6:24 of 2nd period - Slapshot by Luke Schenn.
6:24 of 2nd period - Shot Misses the Net.
6:30 of 2nd period - Backhand shot by Colin Wilson.
6:30 of 2nd period - Shot Blocked by Cam Barker.
6:39 of 2nd period - Off-side.
6:40 of 2nd period - Maxime Sauvé wins face-off versus Mikhail Grabovski in neutral zone.
7:07 of 2nd period - Wrist shot by David Backes.
7:07 of 2nd period - Stopped by Frederik Andersen with a rebound.
7:35 of 2nd period - Snap shot by Sean Couturier.
7:35 of 2nd period - Stopped by Jonas Gustavsson with a rebound.
7:55 of 2nd period - Snap shot by Peter Prucha.
7:55 of 2nd period - Deflect By Steve Regier.
7:55 of 2nd period - Shot Blocked by Chris Bourque.
7:55 of 2nd period - Puck is out of play.
7:56 of 2nd period - Patrice Bergeron wins face-off versus Patrik Berglund in Rangers zone.
7:58 of 2nd period - Minor Penalty to Luke Schenn for Hooking.
7:59 of 2nd period - Eric Staal wins face-off versus Milan Lucic in Rangers zone.
8:09 of 2nd period - Snap shot by Alexander Semin.
8:09 of 2nd period - Stopped by Frederik Andersen without a rebound.
8:10 of 2nd period - Milan Lucic wins face-off versus Eric Staal in Rangers zone.
9:00 of 2nd period - Minor Penalty to Alexander Semin for Holding Stick.
9:01 of 2nd period - Eric Staal wins face-off versus Milan Lucic in Flames zone.
9:01 of 2nd period - Eric Staal is hit by Patrice Bergeron.
9:28 of 2nd period - Off-side.
9:29 of 2nd period - Milan Lucic wins face-off versus Eric Staal in neutral zone.
9:54 of 2nd period - David Ullstrom is hit by Kyle Okposo and loses puck.
9:58 of 2nd period - Penalty to Luke Schenn is over, Luke Schenn is back on ice.
10:11 of 2nd period - Wrist shot by Luke Schenn.
10:11 of 2nd period - Stopped by Jonas Gustavsson without a rebound.
10:12 of 2nd period - Mikhail Grabovski wins face-off versus Sean Couturier in Flames zone.
10:24 of 2nd period - Off-side.
10:25 of 2nd period - Patrice Bergeron wins face-off versus Mikhail Grabovski in neutral zone.
10:36 of 2nd period - Wrist shot by Milan Lucic.
10:36 of 2nd period - Goal by Milan Lucic - Rangers : 3 - Flames : 2.
10:37 of 2nd period - Patrice Bergeron wins face-off versus Eric Staal in neutral zone.
10:52 of 2nd period - Snap shot by Patrice Bergeron.
10:52 of 2nd period - Shot Misses the Net.
10:54 of 2nd period - Slapshot by Cam Barker.
10:54 of 2nd period - Stopped by Jonas Gustavsson without a rebound.
10:55 of 2nd period - Sean Couturier wins face-off versus Patrik Berglund in Flames zone.
11:00 of 2nd period - Snap shot by Kyle Okposo.
11:00 of 2nd period - Stopped by Jonas Gustavsson with a rebound.
11:02 of 2nd period - Wrist shot by Cam Barker.
11:02 of 2nd period - Deflect By Erik Johnson.
11:02 of 2nd period - Stopped by Jonas Gustavsson with a rebound.
11:06 of 2nd period - Wrist shot by Sean Couturier.
11:06 of 2nd period - Stopped by Jonas Gustavsson with a rebound.
11:08 of 2nd period - Wrist shot by James Neal.
11:08 of 2nd period - Shot Misses the Net.
11:10 of 2nd period - Wrist shot by Kyle Okposo.
11:10 of 2nd period - Stopped by Jonas Gustavsson without a rebound.
11:11 of 2nd period - Patrice Bergeron wins face-off versus Eric Staal in Flames zone.
11:14 of 2nd period - Wrist shot by Patrice Bergeron.
11:14 of 2nd period - Shot Misses the Net.
11:16 of 2nd period - Wrist shot by Jakob Silfverberg.
11:16 of 2nd period - Shot Misses the Net.
11:18 of 2nd period - Snap shot by Jakob Silfverberg.
11:18 of 2nd period - Shot Misses the Net.
11:20 of 2nd period - Wrist shot by Patrice Bergeron.
11:20 of 2nd period - Shot Misses the Net.
11:22 of 2nd period - Slapshot by Luke Schenn.
11:22 of 2nd period - Deflect By Milan Lucic.
11:22 of 2nd period - Shot Misses the Net.
11:22 of 2nd period - Puck is out of play.
11:23 of 2nd period - Patrice Bergeron wins face-off versus Patrik Berglund in Flames zone.
11:50 of 2nd period - Alexander Radulov is hit by Cam Barker and loses puck.
11:56 of 2nd period - Icing by Eric Staal.
11:57 of 2nd period - Eric Staal wins face-off versus Sean Couturier in Flames zone.
12:35 of 2nd period - Slapshot by Eric Staal.
12:35 of 2nd period - Shot Misses the Net.
12:37 of 2nd period - Snap shot by Alexander Semin.
12:37 of 2nd period - Shot Misses the Net.
12:39 of 2nd period - Wrist shot by Sami Vatanen.
12:39 of 2nd period - Shot Blocked by Kyle Okposo.
12:41 of 2nd period - Snap shot by Eric Staal.
12:41 of 2nd period - Stopped by Frederik Andersen with a rebound.
12:43 of 2nd period - Slapshot by Erik Johnson.
12:43 of 2nd period - Shot Misses the Net.
12:45 of 2nd period - Wrist shot by Alexander Radulov.
12:45 of 2nd period - Stopped by Frederik Andersen with a rebound.
12:47 of 2nd period - Slapshot by Erik Johnson.
12:47 of 2nd period - Stopped by Frederik Andersen without a rebound.
12:48 of 2nd period - Brad Marchand wins face-off versus Patrice Bergeron in Rangers zone.
12:53 of 2nd period - Slapshot by David Backes.
12:53 of 2nd period - Shot Misses the Net.
13:05 of 2nd period - Wrist shot by Jakob Silfverberg.
13:05 of 2nd period - Stopped by Jonas Gustavsson with a rebound.
13:15 of 2nd period - Patrik Berglund is hit by Steve Quailer and loses puck.
13:21 of 2nd period - Icing by Derek Meech.
13:22 of 2nd period - Patrik Berglund wins face-off versus Maxime Sauvé in Flames zone.
13:35 of 2nd period - Wrist shot by Brad Marchand.
13:35 of 2nd period - Shot Misses the Net.
13:51 of 2nd period - Snap shot by Maxime Sauvé.
13:51 of 2nd period - Stopped by Jonas Gustavsson with a rebound.
13:53 of 2nd period - Slapshot by Patrik Nemeth.
13:53 of 2nd period - Stopped by Jonas Gustavsson without a rebound.
13:54 of 2nd period - Eric Staal wins face-off versus Patrice Bergeron in Flames zone.
13:54 of 2nd period - Eric Staal is hit by Jakob Silfverberg.
14:11 of 2nd period - Erik Johnson is hit by Colten Teubert and loses puck.
14:56 of 2nd period - Patrik Nemeth is hit by Kyle Palmieri and loses puck.
15:57 of 2nd period - Wrist shot by Patrik Berglund.
15:57 of 2nd period - Stopped by Frederik Andersen without a rebound.
15:58 of 2nd period - Patrice Bergeron wins face-off versus Eric Staal in Rangers zone.
16:28 of 2nd period - Off-side.
16:29 of 2nd period - Maxime Sauvé wins face-off versus Colin Wilson in neutral zone.
17:00 of 2nd period - Snap shot by Jakob Silfverberg.
17:00 of 2nd period - Shot Misses the Net.
17:02 of 2nd period - Slapshot by Mark Fistric.
17:02 of 2nd period - Stopped by Jonas Gustavsson with a rebound.
17:04 of 2nd period - Wrist shot by Jakob Silfverberg.
17:04 of 2nd period - Shot Blocked by Sami Vatanen.
17:06 of 2nd period - Slapshot by Mark Fistric.
17:06 of 2nd period - Shot Blocked by Erik Johnson.
17:18 of 2nd period - Snap shot by Matt Read.
17:18 of 2nd period - Deflect By Tomas Hertl.
17:18 of 2nd period - Shot Blocked by Sami Vatanen.
17:18 of 2nd period - Puck is out of play.
17:19 of 2nd period - Tomas Hertl wins face-off versus Patrik Berglund in Flames zone.
17:44 of 2nd period - Luke Schenn is hit by Peter Prucha.
18:14 of 2nd period - Sean Couturier is hit by Tim Ramholt and loses puck.
18:27 of 2nd period - Wrist shot by James Neal.
18:27 of 2nd period - Shot Misses the Net.
18:53 of 2nd period - Icing by Brendan Mikkelson.
18:54 of 2nd period - Patrice Bergeron wins face-off versus Mikhail Grabovski in Flames zone.
19:02 of 2nd period - Off-side.
19:03 of 2nd period - Patrik Berglund wins face-off versus Patrice Bergeron in neutral zone.
19:03 of 2nd period - Patrik Berglund is hit by Milan Lucic.
19:36 of 2nd period - Wrist shot by Eric Staal.
19:36 of 2nd period - Shot Blocked by Matt Read.
19:38 of 2nd period - Snap shot by Alexander Radulov.
19:38 of 2nd period - Deflect By Chris Bourque.
19:38 of 2nd period - Shot Misses the Net.
19:38 of 2nd period - Puck is out of play.
19:39 of 2nd period - Patrik Berglund wins face-off versus Patrice Bergeron in Rangers zone.
19:48 of 2nd period - Slapshot by David Backes.
19:48 of 2nd period - Stopped by Frederik Andersen with a rebound.
Goals for this period are 2 for Rangers vs 2 for Flames.
Shots for this period are 16 for Rangers vs 12 for Flames.
3rd period
0:01 of 3rd period - Eric Staal wins face-off versus Patrice Bergeron in neutral zone.
0:06 of 3rd period - Snap shot by Eric Staal.
0:06 of 3rd period - Shot Misses the Net.
0:26 of 3rd period - Brad Marchand is hit by James Neal and loses puck.
0:36 of 3rd period - Icing by Sean Couturier.
0:37 of 3rd period - Sean Couturier wins face-off versus Alexander Semin in Rangers zone.
0:49 of 3rd period - Minor Penalty to Luke Schenn for Hooking.
0:50 of 3rd period - Milan Lucic wins face-off versus Eric Staal in Rangers zone.
1:25 of 3rd period - Slapshot by Sami Vatanen.
1:25 of 3rd period - Stopped by Frederik Andersen with a rebound.
2:08 of 3rd period - Kyle Okposo is hit by Alexander Radulov and loses puck.
2:49 of 3rd period - Penalty to Luke Schenn is over, Luke Schenn is back on ice.
2:55 of 3rd period - Slapshot by Colin Wilson.
2:55 of 3rd period - Stopped by Frederik Andersen with a rebound.
2:57 of 3rd period - Backhand shot by Derek Meech.
2:57 of 3rd period - Shot Misses the Net.
3:35 of 3rd period - Tomas Hertl is hit by Tim Ramholt and loses puck.
3:58 of 3rd period - Slapshot by Patrik Nemeth.
3:58 of 3rd period - Stopped by Jonas Gustavsson with a rebound.
4:26 of 3rd period - Steve Eminger is hit by Maxime Sauvé and loses puck.
4:51 of 3rd period - Minor Penalty to Matt Greene for Unsportsmanlike conduct.
4:52 of 3rd period - Eric Staal wins face-off versus Patrice Bergeron in Rangers zone.
5:19 of 3rd period - Snap shot by Brad Marchand.
5:19 of 3rd period - Deflect By David Backes.
5:19 of 3rd period - Shot Misses the Net.
5:19 of 3rd period - Puck is out of play.
5:20 of 3rd period - Milan Lucic wins face-off versus Patrik Berglund in Rangers zone.
5:31 of 3rd period - Snap shot by Patrik Berglund.
5:31 of 3rd period - Shot Misses the Net.
5:47 of 3rd period - Snap shot by Alexander Semin.
5:47 of 3rd period - Shot Blocked by Kyle Okposo.
6:51 of 3rd period - Penalty to Matt Greene is over, Matt Greene is back on ice.
7:05 of 3rd period - Wrist shot by Chris Bourque.
7:05 of 3rd period - Stopped by Jonas Gustavsson without a rebound.
7:06 of 3rd period - Tomas Hertl wins face-off versus Colin Wilson in Flames zone.
7:11 of 3rd period - Snap shot by Matt Read.
7:11 of 3rd period - Shot Misses the Net.
7:49 of 3rd period - Wrist shot by Peter Prucha.
7:49 of 3rd period - Shot Blocked by Colten Teubert.
7:51 of 3rd period - Wrist shot by Steve Eminger.
7:51 of 3rd period - Shot Blocked by Patrik Nemeth.
7:53 of 3rd period - Slapshot by Erik Johnson.
7:53 of 3rd period - Stopped by Frederik Andersen with a rebound.
7:55 of 3rd period - Wrist shot by Colin Wilson.
7:55 of 3rd period - Shot Misses the Net.
8:00 of 3rd period - Snap shot by Steve Eminger.
8:00 of 3rd period - Stopped by Frederik Andersen without a rebound.
8:01 of 3rd period - Patrice Bergeron wins face-off versus Eric Staal in Rangers zone.
8:10 of 3rd period - Snap shot by Jakob Silfverberg.
8:10 of 3rd period - Stopped by Jonas Gustavsson with a rebound.
9:01 of 3rd period - Slapshot by Luke Schenn.
9:01 of 3rd period - Shot Blocked by Derek Meech.
9:49 of 3rd period - Slapshot by James Neal.
9:49 of 3rd period - Stopped by Jonas Gustavsson with a rebound.
9:57 of 3rd period - Minor Penalty to Peter Prucha for Interference.
9:58 of 3rd period - Patrice Bergeron wins face-off versus Colin Wilson in Flames zone.
10:12 of 3rd period - Icing by Patrice Bergeron.
10:13 of 3rd period - Patrice Bergeron wins face-off versus Mikhail Grabovski in Rangers zone.
10:20 of 3rd period - Snap shot by Patrice Bergeron.
10:20 of 3rd period - Stopped by Jonas Gustavsson without a rebound.
10:21 of 3rd period - Jakob Silfverberg wins face-off versus Colin Wilson in Flames zone.
10:30 of 3rd period - Slapshot by Patrice Bergeron.
10:30 of 3rd period - Shot Blocked by Derek Meech.
10:32 of 3rd period - Slapshot by Cam Barker.
10:32 of 3rd period - Deflect By Jakob Silfverberg.
10:32 of 3rd period - Stopped by Jonas Gustavsson without a rebound.
10:33 of 3rd period - Patrice Bergeron wins face-off versus Brad Marchand in Flames zone.
11:00 of 3rd period - Snap shot by Kyle Okposo.
11:00 of 3rd period - Shot Blocked by Derek Meech.
11:02 of 3rd period - Slapshot by Matt Greene.
11:02 of 3rd period - Stopped by Jonas Gustavsson without a rebound.
11:03 of 3rd period - Mikhail Grabovski wins face-off versus Kyle Okposo in Flames zone.
11:40 of 3rd period - Wrist shot by Kyle Okposo.
11:40 of 3rd period - Shot Blocked by Brendan Mikkelson.
11:42 of 3rd period - Slapshot by Matt Greene.
11:42 of 3rd period - Deflect By Erik Johnson.
11:42 of 3rd period - Goal by Matt Greene - Rangers : 4 - Flames : 2.
11:43 of 3rd period - Patrice Bergeron wins face-off versus Eric Staal in neutral zone.
12:39 of 3rd period - Wrist shot by Chris Bourque.
12:39 of 3rd period - Stopped by Jonas Gustavsson with a rebound.
12:41 of 3rd period - Wrist shot by Tomas Hertl.
12:41 of 3rd period - Shot Misses the Net.
12:43 of 3rd period - Wrist shot by Chris Bourque.
12:43 of 3rd period - Stopped by Jonas Gustavsson with a rebound.
12:45 of 3rd period - Slapshot by Mark Fistric.
12:45 of 3rd period - Shot Misses the Net.
12:51 of 3rd period - Minor Penalty to Peter Prucha for Interference.
12:52 of 3rd period - Mikhail Grabovski wins face-off versus Patrice Bergeron in Flames zone.
13:19 of 3rd period - Derek Meech is hit by James Neal and loses puck.
13:56 of 3rd period - Mikhail Grabovski is hit by Jakob Silfverberg and loses puck.
14:17 of 3rd period - David Backes is hit by Patrice Bergeron and loses puck.
14:51 of 3rd period - Penalty to Peter Prucha is over, Peter Prucha is back on ice.
14:56 of 3rd period - Alexander Semin is hit by Chris Bourque and loses puck.
15:09 of 3rd period - Slapshot by Matt Read.
15:09 of 3rd period - Shot Misses the Net.
15:23 of 3rd period - Minor Penalty to Maxime Sauvé for Tripping.
15:24 of 3rd period - Eric Staal wins face-off versus Milan Lucic in Rangers zone.
15:25 of 3rd period - Slapshot by Alexander Radulov.
15:25 of 3rd period - Stopped by Frederik Andersen without a rebound.
15:26 of 3rd period - Eric Staal wins face-off versus Milan Lucic in Rangers zone.
16:02 of 3rd period - Snap shot by David Backes.
16:02 of 3rd period - Shot Blocked by Luke Schenn.
16:12 of 3rd period - Snap shot by Luke Schenn.
16:12 of 3rd period - Stopped by Jonas Gustavsson with a rebound.
17:23 of 3rd period - Penalty to Maxime Sauvé is over, Maxime Sauvé is back on ice.
17:36 of 3rd period - Wrist shot by Kyle Okposo.
17:36 of 3rd period - Stopped by Jonas Gustavsson with a rebound.
17:42 of 3rd period - Sean Couturier is hit by Erik Johnson and loses puck.
18:16 of 3rd period - Steve Eminger is hit by Steve Quailer and loses puck.
18:55 of 3rd period - Slapshot by Derek Meech.
18:55 of 3rd period - Shot Blocked by Cam Barker.
18:57 of 3rd period - Minor Penalty to Luke Schenn for Tripping.
18:58 of 3rd period - Brad Marchand wins face-off versus Milan Lucic in Rangers zone.
19:29 of 3rd period - Mark Fistric is hit by Tim Ramholt.
19:43 of 3rd period - Patrik Nemeth is hit by Brad Marchand and loses puck.
Goals for this period are 1 for Rangers vs 0 for Flames.
Shots for this period are 12 for Rangers vs 5 for Flames.
Back to the Top